[Event "Team 45 45 League T64"]
[Site "Internet Chess Club"]
[Date "2015.03.12"]
[Round "2"]
[White "TerryMalloy"]
[Black "beitmery"]
[Result "1-0"]
[WhiteElo "1915"]
[BlackElo "1688"]
[Opening "French: Tarrasch"]
[ECO "C03"]
[Time "14:45:34"]
[TimeControl "2700+45"]

1. e4 e6 2. d4 d5 3. Nd2 dxe4 4. Nxe4 Nf6 5. Bg5 Be7 6. Bxf6 Bxf6 7. Nf3 b6 8.
Bb5+ Bd7 9. Bd3 O-O 10. O-O Bc6 11. Nxf6+ Qxf6 12. Ne5 Bb7 13. Qh5 h6 14. f4 Nc6
15. c3 Nxe5 16. fxe5 Qe7 17. Rf4 c5 18. Raf1 cxd4 19. cxd4 Rad8 20. Bb1 Qb4 21.
Qe2 Rxd4 22. Qc2 g6 23. Rxf7 Rxf7 24. Qxg6+ Rg7 25. Qe8+ Qf8 26. Qxf8# {Black
checkmated} 1-0

[Event "Team 45 45 League T64"]
[Site "Internet Chess Club"]
[Date "2015.03.16"]
[Round "2"]
[White "bondguy01"]
[Black "CaptK"]
[Result "1/2-1/2"]
[WhiteElo "1775"]
[BlackElo "1776"]
[Opening "English opening"]
[ECO "A05"]
[Time "20:00:22"]
[TimeControl "2700+45"]

1. Nf3 Nf6 2. c4 g6 3. g3 Bg7 4. Bg2 d6 5. d4 O-O 6. O-O c5 7. dxc5 dxc5 8. Ne5
Qc7 9. Nd3 Rd8 10. Bf4 Qb6 11. Qc2 Bf5 12. Nc3 Bxd3 13. exd3 Nc6 14. Bxc6 Qxc6
15. Rfe1 e6 16. Rad1 Rd7 17. Ne4 Nh5 18. Be3 b6 19. a4 a5 20. Nc3 Nf6 21. h3
Rad8 22. Kh2 Ne8 23. Bg5 Rc8 24. Ne4 h6 25. Be3 Nd6 26. Nxd6 Qxd6 27. Rd2 Rcd8
28. Red1 Qc6 29. Qb3 Kh7 30. Qc2 Bd4 31. Re2 Qf3 32. Rdd2 Qf5 33. Qb3 Bxe3 34.
Rxe3 Rd6 35. Kg2 e5 36. Rf3 Qd7 37. Re2 Rxd3 38. Rxd3 Qxd3 39. Qxb6 Qxe2 40.
Qxd8 Qxc4 41. Qxa5 Qe4+ 42. Kh2 Qd4 43. Kg2 Qe4+ 44. Kh2 c4 45. Qc3 Qd4 46. Kg2
Qd5+ 47. Kh2 Qc5 48. Kg1 Qd5 49. Kh2 {Game drawn by mutual agreement} 1/2-1/2

[Event "Team 45 45 League T64"]
[Site "Internet Chess Club"]
[Date "2015.03.16"]
[Round "2"]
[White "losscause"]
[Black "Chess-Boy"]
[Result "0-1"]
[WhiteElo "1605"]
[BlackElo "1639"]
[Opening "Trompowsky attack (Ruth, Opocenský opening)"]
[ECO "A45"]
[Time "21:00:24"]
[TimeControl "2700+45"]

1. d4 Nf6 2. Bg5 c5 3. Bxf6 exf6 4. d5 d6 5. c4 g6 6. e4 Bg7 7. Nc3 O-O 8. Bd3
Nd7 9. f4 Re8 10. Nf3 f5 11. Qc2 fxe4 12. Nxe4 f5 13. O-O fxe4 14. Bxe4 Qf6 15.
Ng5 {White resigns} 0-1

[Event "Team 45 45 League T64"]
[Site "Internet Chess Club"]
[Date "2015.03.15"]
[Round "2"]
[White "Greedy-Reedy"]
[Black "deepfort"]
[Result "1-0"]
[WhiteElo "1934"]
[BlackElo "1491"]
[Opening "Sicilian: Alapin's variation (2.c3)"]
[ECO "B22"]
[Time "05:03:56"]
[TimeControl "2700+45"]

1. e4 c5 2. c3 d5 3. exd5 Qxd5 4. d4 cxd4 5. cxd4 Nc6 6. Nf3 Bg4 7. Nc3 Qd7 8.
d5 Bxf3 9. gxf3 O-O-O 10. dxc6 Qe6+ 11. Qe2 Qxc6 12. Qc4 {Black resigns} 1-0

[Event "Team 45 45 League T64"]
[Site "Internet Chess Club"]
[Date "2015.03.13"]
[Round "2"]
[White "ForkNPin"]
[Black "sharky123"]
[Result "0-1"]
[WhiteElo "1725"]
[BlackElo "1827"]
[Opening "Caro-Kann: classical variation"]
[ECO "B18"]
[Time "15:00:32"]
[TimeControl "2700+45"]

1. e4 c6 2. d4 d5 3. Nc3 dxe4 4. Nxe4 Bf5 5. Ng3 Bg6 6. N1e2 e6 7. Nf4 Bd6 8. h4
Qc7 9. Nxg6 hxg6 10. Ne4 Bf4 11. g3 Bxc1 12. Qxc1 Ne7 13. Qd2 Nf5 14. O-O-O Nd7
15. Kb1 O-O-O 16. Bg2 Nf6 17. Qb4 Qb6 18. Qxb6 axb6 19. Ng5 Rhf8 20. c3 Rd7 21.
Kc1 Kc7 22. Bf3 Nh6 23. Rd2 Rfd8 24. Rhd1 Nhg4 25. Bxg4 Nxg4 26. f3 Ne3 27. Re1
Nf5 28. g4 Nd6 29. Rh2 Ne8 30. h5 gxh5 31. Rxh5 Nf6 32. Rh2 Nd5 33. Reh1 Nf4 34.
Rh8 Rxh8 35. Rxh8 f6 36. Nh7 Nd3+ 37. Kd2 Nxb2 {White resigns} 0-1

[Event "Team 45 45 League T64"]
[Site "Internet Chess Club"]
[Date "2015.03.11"]
[Round "2"]
[White "Holzschlange"]
[Black "KnightOfLight"]
[Result "1-0"]
[WhiteElo "1828"]
[BlackElo "1696"]
[Opening "Queen's pawn game"]
[ECO "D02"]
[Time "12:03:32"]
[TimeControl "2700+45"]

1. Nf3 d5 2. d4 Bg4 3. Ne5 Bh5 4. g4 Bg6 5. Bg2 c6 6. h4 f6 7. Nxg6 hxg6 8. Qd3
Kf7 9. h5 gxh5 10. gxh5 Nh6 11. Qg6+ Kg8 12. Bh3 Rh7 13. Be6+ Kh8 14. Bxh6 Rxh6
15. Qf7 {Black resigns} 1-0

[Event "Team 45 45 League T64"]
[Site "Internet Chess Club"]
[Date "2015.03.15"]
[Round "2"]
[White "Lrn2Mate"]
[Black "Warpdrive"]
[Result "0-1"]
[WhiteElo "1630"]
[BlackElo "1634"]
[Opening "QGD semi-Slav: 5...Nd7"]
[ECO "D45"]
[Time "15:04:20"]
[TimeControl "2700+45"]

1. d4 d5 2. c4 c6 3. Nc3 Nf6 4. Nf3 e6 5. e3 Nbd7 6. Be2 Bd6 7. cxd5 exd5 8. O-O
O-O 9. a3 Re8 10. b4 Nb6 11. Nb1 Bf5 12. Nbd2 Ne4 13. Bb2 Bg6 14. b5 f5 15. bxc6
bxc6 16. Rc1 Rc8 17. a4 Nd7 18. Qb3 Qb6 19. Rc2 f4 20. Qxb6 axb6 21. exf4 Nxf2
22. Rcc1 Rxe2 23. Rxf2 Rxf2 24. Kxf2 Bxf4 25. Re1 Kf7 26. g3 Bxd2 27. Nxd2 Ra8
28. Rc1 c5 29. dxc5 bxc5 30. Ra1 c4 31. Bc3 Nc5 32. a5 Bf5 33. Nf3 Ne4+ 34. Ke3
Nxc3 35. Nd4 Bd7 36. a6 Nb5 37. Ra5 Nxd4 38. Kxd4 Be6 39. a7 Ke7 40. h4 Kd7 41.
Kc3 Kc7 42. Ra6 Bf7 43. Kd4 Bg8 44. g4 Kb7 45. Rd6 Kxa7 46. Rd7+ Kb6 47. Rxg7
Rc8 48. Re7 c3 49. Re1 c2 50. Rc1 Kb5 51. Kd3 Kb4 52. h5 h6 53. Kd2 Bh7 54. Ke3
Kb3 55. g5 hxg5 56. h6 Kb2 57. Kd2 g4 {White resigns} 0-1

[Event "Team 45 45 League T64"]
[Site "Internet Chess Club"]
[Date "2015.03.14"]
[Round "2"]
[White "FosterChess"]
[Black "tryanything"]
[Result "0-1"]
[WhiteElo "1498"]
[BlackElo "1578"]
[Opening "Ruy Lopez: Berlin defense, 4.O-O, d6"]
[ECO "C66"]
[Time "18:30:43"]
[TimeControl "2700+45"]

1. e4 e5 2. Nf3 Nc6 3. Bb5 Nf6 4. O-O d6 5. Bxc6+ bxc6 6. d3 Be7 7. Bg5 O-O 8.
Qd2 Bg4 9. Qe3 Nd7 10. Bxe7 Qxe7 11. h3 Be6 12. Qg5 Qe8 13. Nc3 f5 14. exf5 Rxf5
15. Qe3 Nb6 16. Ng5 Bd7 17. Rfe1 Qg6 18. Nf3 Rf4 19. g3 Raf8 20. Nh2 Bxh3 21.
Re2 d5 22. Nd1 e4 23. dxe4 Rxe4 24. Qd2 Nc4 25. Qd3 Ne5 26. Qd2 Nf3+ 27. Nxf3
Rxf3 28. Nc3 Rxe2 29. Qxe2 Bg4 30. Qe7 Rf8 31. Re1 Qf5 32. Qc5 Bf3 33. Qxa7 Qh3
34. Qb8 Qg2# {White checkmated} 0-1

[Event "Team 45 45 League T64"]
[Site "Internet Chess Club"]
[Date "2015.03.14"]
[Round "2"]
[White "lilith"]
[Black "browndeer"]
[Result "0-1"]
[WhiteElo "1470"]
[BlackElo "1638"]
[Opening "King's Indian: London system"]
[ECO "A48"]
[Time "19:00:41"]
[TimeControl "2700+45"]

1. d4 Nf6 2. Nf3 g6 3. Bf4 Bg7 4. e3 O-O 5. Nbd2 d5 6. Bd3 a6 7. O-O Bg4 8. c4
e6 9. Qb3 dxc4 10. Qxb7 Bxf3 11. Nxf3 Nc6 12. Bxc4 Na5 13. Qb4 Nxc4 14. Qxc4 Nd5
15. Bg3 Ra7 16. Rac1 Qb8 17. b3 Rc8 18. Ne5 Nb6 19. Qe2 Bxe5 20. Bxe5 Nd5 21.
Qf3 Qb4 22. e4 f6 23. Bxf6 Nxf6 24. Qxf6 Qd6 25. d5 Re8 26. Rc6 Qb4 27. Rxe6 Rf8
28. Qe7 Qd4 29. Qh4 c6 30. Rxc6 Raf7 31. Rxa6 Rxf2 32. Qxf2 Rxf2 33. Rxf2 Qxe4
34. d6 Qe1+ 35. Rf1 Qe3+ 36. Kh1 Qe2 37. Rc1 Qxa6 38. d7 Qa5 39. h3 Kf7 40. Rc8
Qe1+ 41. Kh2 Qe5+ 42. Kg1 Qd4+ 43. Kh2 Qxd7 44. Rc2 Qd6+ {White resigns} 0-1

[Event "Team 45 45 League T64"]
[Site "Internet Chess Club"]
[Date "2015.03.14"]
[Round "2"]
[White "mkoga"]
[Black "almond123"]
[Result "1/2-1/2"]
[WhiteElo "1438"]
[BlackElo "1518"]
[Opening "Ruy Lopez: Anderssen variation"]
[ECO "C77"]
[Time "17:03:13"]
[TimeControl "2700+45"]

1. e4 e5 2. Nf3 Nc6 3. Bb5 a6 4. Ba4 Nf6 5. d3 b5 6. Bb3 Bc5 7. Bg5 h6 8. Bh4
Be7 9. Nc3 Nh7 10. Bxe7 Qxe7 11. Nd5 Qd8 12. Qd2 d6 13. h3 Nf6 14. O-O-O Bd7 15.
g4 Nxd5 16. Bxd5 Rb8 17. Qc3 Ne7 18. Bb3 Ra8 19. g5 a5 20. a3 hxg5 21. Nxg5 O-O
22. Rdg1 Ng6 23. d4 Nf4 24. Kd2 Ng6 25. h4 Qf6 26. f3 Qf4+ 27. Ke2 exd4 28. Qxd4
c5 29. Qe3 Qxe3+ 30. Kxe3 c4 31. Ba2 f6 32. Ne6 Bxe6 33. Rxg6 Kf7 34. Rhg1 Rg8
35. f4 f5 36. c3 fxe4 37. Kxe4 Rae8 38. f5 Bd7+ 39. Kf4 Re5 40. R6g5 g6 41. Bb1
Rf8 42. Rxg6 Ke7 43. R1g5 Re1 44. Be4 Rf1+ 45. Kg4 Rg1+ 46. Kf4 Rf1+ 47. Kg4
Rg1+ 48. Kh5 Rf1 49. Rg7+ Kd8 50. Kg6 Rf4 51. Bd5 Rxh4 52. Rg8 Rxg8+ 53. Bxg8
Ke7 54. Kg7 Rf4 55. Be6 Bxe6 56. fxe6 Kxe6 57. Rxb5 Rf5 58. a4 Rc5 59. Rxc5 dxc5
60. Kg6 Ke7 61. Kf5 Kd6 62. Ke4 Ke6 63. Ke3 Ke5 64. Kf3 Kd6 65. Ke4 Ke6 66. Ke3
Ke5 67. Kf3 Kf5 68. Ke3 Ke5 69. Kf3 Kd5 70. Ke3 Ke5 71. Kf3 Ke6 72. Ke4 Kd6 73.
Ke3 Kd5 74. Kf3 Ke5 75. Ke3 Kf5 76. Kf3 {Game drawn by mutual agreement} 1/2-1/2

[Event "Team 45 45 League T64"]
[Site "Internet Chess Club"]
[Date "2015.03.17"]
[Round "2"]
[White "craftsman49868"]
[Black "Chess4Him"]
[Result "1-0"]
[WhiteElo "1631"]
[BlackElo "1534"]
[Opening "English opening"]
[ECO "A10"]
[Time "12:00:20"]
[TimeControl "2700+45"]

1. c4 g6 2. Nc3 Bg7 3. g3 d6 4. Bg2 e5 5. e4 c6 6. d3 f5 7. Nf3 Nf6 8. O-O O-O
9. c5 fxe4 10. dxe4 d5 11. exd5 Nxd5 12. Qb3 Na6 13. Ng5 Nxc5 14. Qc4 Ne6 15.
Nxd5 Kh8 16. Qh4 Nxg5 17. Bxg5 Qd6 18. Be7 Bf6 19. Bxf6+ Rxf6 20. Qxf6+ Qxf6 21.
Nxf6 Be6 22. b3 Kg7 23. Ne4 Bd5 24. Rad1 {Black resigns} 1-0

[Event "Team 45 45 League T64"]
[Site "Internet Chess Club"]
[Date "2015.03.16"]
[Round "2"]
[White "pokerram"]
[Black "mongmong"]
[Result "1-0"]
[WhiteElo "1788"]
[BlackElo "1504"]
[Opening "French: Tarrasch, open variation"]
[ECO "C07"]
[Time "18:15:36"]
[TimeControl "2700+45"]

1. e4 e6 2. d4 d5 3. Nd2 c5 4. exd5 Qxd5 5. Ngf3 cxd4 6. Bc4 Qd7 7. Qe2 Nc6 8.
O-O Nf6 9. Nb3 a6 10. Rd1 b5 11. Bd3 Be7 12. Be4 Nxe4 13. Qxe4 Bb7 14. Qg4 Bf6
15. Bg5 Bxg5 16. Qxg5 O-O 17. Nfxd4 Nxd4 18. Rxd4 Bd5 19. Rad1 Qc7 20. c3 Bxb3
21. axb3 h6 22. Qd2 Qe5 23. Re1 Qc5 24. b4 Qb6 25. Rd1 Qc7 26. b3 Rfc8 27. c4
bxc4 28. bxc4 Rcb8 29. c5 Rb5 {Black resigns} 1-0

[Event "Team 45 45 League T64"]
[Site "Internet Chess Club"]
[Date "2015.03.15"]
[Round "2"]
[White "QuimCatala"]
[Black "KidRattler"]
[Result "0-1"]
[WhiteElo "1523"]
[BlackElo "1442"]
[Opening "King's pawn opening"]
[ECO "B07"]
[Time "15:58:36"]
[TimeControl "2700+45"]

1. e4 d6 2. d4 c6 3. Nc3 Qc7 4. h3 g6 5. Nf3 Bg7 6. Be3 Nd7 7. Qd2 e5 8. O-O-O
Ngf6 9. g4 O-O 10. Be2 Nb6 11. Rhg1 Rd8 12. Ng5 Be6 13. Kb1 Nc4 14. Bxc4 Bxc4
15. f4 exd4 16. Qxd4 Ba6 17. Qb4 c5 18. Qb3 h6 19. Nf3 Qb6 20. Qxb6 axb6 21. e5
Ne8 22. Nd5 Be2 23. Nh4 Bxd1 24. Rxd1 dxe5 25. fxe5 Nc7 26. c4 Nxd5 27. cxd5
Bxe5 28. Bxh6 Bf6 29. Nf3 Rd7 30. d6 Rad8 31. Bf4 Re8 32. g5 Re4 33. Bh2 Re3 34.
gxf6 Rxf3 35. Be5 Rxh3 36. Kc2 Re3 37. Bc3 Re6 38. b4 Rdxd6 39. Rf1 cxb4 40.
Bxb4 Rc6+ 41. Kb3 Rxf6 42. Re1 Rfe6 43. Rd1 Re3+ 44. Ka4 Re4 45. Rd8+ Kg7 46.
Kb3 b5 47. Bc3+ Kh6 48. Rd7 Re3 49. Rxb7 Rcxc3+ 50. Kb4 Rc2 51. Rxf7 Rxa2 52.
Kxb5 Rc2 53. Rf4 Re1 54. Rh4+ Kg5 55. Rb4 Re5+ 56. Kb6 Ree2 57. Rb5+ Kf6 58. Ra5
Re6+ 59. Kb7 Rh2 60. Rc5 Rh7+ 61. Kb8 Re8+ 62. Rc8 Rxc8+ 63. Kxc8 Ke6 64. Kd8 g5
65. Kc8 g4 66. Kd8 g3 67. Kc8 g2 68. Kb8 g1=R {White resigns} 0-1

[Event "Team 45 45 League T64"]
[Site "Internet Chess Club"]
[Date "2015.03.15"]
[Round "2"]
[White "Just-Jim"]
[Black "JohLeb"]
[Result "1-0"]
[WhiteElo "1368"]
[BlackElo "1321"]
[Opening "Queen's pawn game"]
[ECO "D00"]
[Time "12:49:03"]
[TimeControl "2700+45"]

1. d4 d5 2. f4 Nf6 3. Nf3 Bf5 4. e3 e6 5. Be2 Bd6 6. O-O Nbd7 7. c3 O-O 8. Nbd2
c5 9. dxc5 Nxc5 10. Nh4 Be4 11. Nxe4 Nfxe4 12. Nf3 f5 13. Nd4 a6 14. b4 Nxc3 15.
Qc2 Nxe2+ 16. Qxe2 Ne4 17. Nxe6 Qf6 18. Nxf8 Qxa1 19. Bb2 Qxa2 20. Ne6 Re8 21.
Nxg7 Re7 22. Nxf5 Rc7 23. Qg4+ Kf8 24. Nxd6 Qxb2 25. Qf5+ Qf6 26. Qxf6+ Nxf6 27.
Nf5 Rc4 28. Rb1 b5 29. h3 Ne4 30. g4 Kf7 31. g5 Nc3 32. Nd6+ Ke6 33. Nxc4 Nxb1
34. Na5 Nd2 35. Nc6 Nc4 36. Nb8 Nxe3 37. Nxa6 Kd6 38. Kf2 d4 39. Nc5 Kd5 40. Nd3
Kc4 41. Ne5+ Kxb4 42. h4 Kc3 43. h5 b4 44. g6 hxg6 45. hxg6 Nf5 46. Ke2 b3 47.
Nd3 b2 48. Nxb2 Kxb2 49. Kd3 Kb3 50. Ke4 Kc2 51. Kxf5 d3 52. g7 d2 53. g8=Q d1=Q
54. Qc8+ Kb3 55. Qb7+ Kc4 56. Qe4+ Kc5 57. Ke6 Qd6+ 58. Kf5 Qf8+ 59. Kg4 Qg7+
60. Kf3 Kd6 61. f5 Qf6 62. Kf4 Qh6+ 63. Kg4 Qg7+ 64. Kf4 Qh6+ 65. Kg4 Qg7+ 66.
Kh5 Qh7+ 67. Kg5 Qg7+ 68. Kf4 Qh6+ 69. Kf3 Qf6 70. Qd3+ Ke7 71. Qe3+ Kf7 72.
Qb3+ Kg7 73. Qb7+ Kh6 74. Kf4 Qd4+ 75. Qe4 Qd2+ 76. Ke5 Qb2+ 77. Qd4 Qb5+ 78.
Ke6 Qe2+ 79. Qe5 Qa2+ 80. Qd5 Qe2+ 81. Kd7 Qg4 82. Qe6+ Kg7 83. f6+ {Black
resigns} 1-0

[Event "Team 45 45 League T64"]
[Site "Internet Chess Club"]
[Date "2015.03.18"]
[Round "2"]
[White "moodle"]
[Black "clarinetref"]
[Result "1-0"]
[WhiteElo "1639"]
[BlackElo "1577"]
[Opening "Robatsch defense: two knights variation"]
[ECO "B06"]
[Time "09:01:00"]
[TimeControl "2700+45"]

1. e4 g6 2. d4 d6 3. Nc3 Bg7 4. Nf3 Nd7 5. Bc4 e6 6. O-O Ngf6 7. Re1 O-O 8. e5
dxe5 9. dxe5 Ng4 10. Bg5 Qe8 11. Bf4 Nb6 12. Bb3 Bd7 13. Qd2 Rd8 14. Bg5 f6 15.
exf6 Bxf6 16. h3 Bxg5 17. Qxg5 Nf6 18. Rad1 Bc8 19. Nd4 Nfd5 20. Nxd5 Nxd5 21.
Nxe6 Bxe6 22. Bxd5 Rd6 23. Rxe6 Rxe6 24. Re1 Rf5 25. Bxe6+ Qxe6 26. Qd8+ Rf8 27.
Qxf8+ Kxf8 28. Rxe6 {Black resigns} 1-0

[Event "Team 45 45 League T64"]
[Site "Internet Chess Club"]
[Date "2015.03.15"]
[Round "2"]
[White "PostMike"]
[Black "mindstorm"]
[Result "1-0"]
[WhiteElo "1475"]
[BlackElo "1517"]
[Opening "Sicilian: accelerated fianchetto, Maróczy bind, 6.Be3"]
[ECO "B38"]
[Time "14:01:19"]
[TimeControl "2700+45"]

1. e4 c5 2. Nf3 Nc6 3. d4 cxd4 4. Nxd4 g6 5. c4 Bg7 6. Be3 Nf6 7. Nc3 Qa5 8. f3
Qb4 9. Qd2 Ne5 10. b3 O-O 11. a3 Qb6 12. Ndb5 Qd8 13. Nxa7 Nc6 14. Nab5 d6 15.
Be2 Bd7 16. O-O Na5 17. Rab1 Bxb5 18. Nxb5 Nc6 19. Rfd1 Nd7 20. Qc1 b6 21. Nc3
Bxc3 22. Qxc3 f6 23. b4 Qb8 24. c5 bxc5 25. bxc5 Qc7 26. cxd6 exd6 27. Bb5 Nde5
28. a4 Rac8 29. Qb3+ Kh8 30. Rbc1 Qe7 31. Qa3 Rfd8 32. Bb6 Rd7 33. a5 g5 34. Qa4
g4 35. f4 Ng6 36. Bxc6 Nxf4 37. Rd2 d5 38. Rcd1 Rd6 39. Bxd5 Nxd5 40. Rxd5 Rxd5
41. Rxd5 Rc1+ 42. Kf2 Qe6 43. Rd8+ Kg7 44. Rd1 g3+ 45. hxg3 Rc3 46. Qd7+ Qxd7
47. Rxd7+ Kg6 {Black resigns} 1-0

[Event "Team 45 45 League T64"]
[Site "Internet Chess Club"]
[Date "2015.03.15"]
[Round "2"]
[White "chessmaster5132"]
[Black "kutch"]
[Result "0-1"]
[WhiteElo "1260"]
[BlackElo "1545"]
[Opening "Three knights game"]
[ECO "C46"]
[Time "19:00:29"]
[TimeControl "2700+45"]

1. e4 e5 2. Nf3 Nc6 3. Nc3 Bc5 4. Nxe5 Bxf2+ 5. Kxf2 Nxe5 6. d4 Qf6+ 7. Kg1 Ng6
8. Be3 d6 9. Qf3 Bd7 10. Qxf6 Nxf6 11. Be2 Bg4 12. Bxg4 Nxg4 13. Bf2 O-O 14. h3
Nf6 15. Bg3 Rfe8 16. Re1 Re7 17. e5 Rae8 18. exf6 Rxe1+ 19. Bxe1 Rxe1+ 20. Kh2
Rxh1+ 21. Kxh1 gxf6 22. Nb5 c6 23. Nxa7 Ne7 24. c4 d5 25. cxd5 Nxd5 26. Nc8 Nb4
27. Nd6 Nxa2 28. Nxb7 Kf8 29. Na5 Nb4 30. Kg1 Ke8 31. Kf2 Kd7 32. Ke3 Nd5+ 33.
Kd3 Nf4+ 34. Ke4 Nxg2 35. Kf5 Ne3+ 36. Kxf6 Nc2 37. Kxf7 Nxd4 38. Nxc6 Nxc6 39.
Kg7 Ke7 40. Kxh7 Kf7 41. Kh6 Kf6 42. Kh5 Kf5 43. Kh6 Kf6 44. Kh5 Kf5 45. Kh4 Kf4
46. Kh5 Kf5 47. Kh6 Kf6 48. Kh7 Kf7 49. h4 Nb4 50. Kh6 Kf6 51. Kh7 Kf7 52. Kh6
Kf6 53. Kh5 Kf5 54. Kh6 Kf6 55. Kh7 Kf7 56. h5 Nc2 57. b3 Nb4 58. Kh6 Kf6 59.
Kh7 Kf7 60. h6 Nc2 61. Kh8 Kf8 62. Kh7 Kf7 63. Kh8 Kf8 64. h7 Nd4 65. b4 Ne6 66.
b5 Nf4 67. b6 Ng6# {White checkmated} 0-1

[Event "Team 45 45 League T64"]
[Site "Internet Chess Club"]
[Date "2015.03.13"]
[Round "2"]
[White "medsurg"]
[Black "Coolio9000"]
[Result "1-0"]
[WhiteElo "1395"]
[BlackElo "1235"]
[Opening "QGD: Marshall defense"]
[ECO "A50"]
[Time "20:00:24"]
[TimeControl "2700+45"]

1. d4 Nf6 2. c4 d5 3. Nc3 c6 4. e3 Bf5 5. cxd5 cxd5 6. Qb3 Nc6 7. Qxb7 Rc8 8.
Nf3 h6 9. Qb3 e6 10. Be2 Nb4 11. Qa4+ Nc6 12. Bb5 Qc7 13. Ne5 Bd6 14. Bxc6+ Kf8
15. Nb5 Qe7 16. Nxd6 Qxd6 17. Bd2 Rb8 18. Qxa7 Bg6 19. Bc3 Ne4 20. Qxb8+ Qxb8
21. Nd7+ Kg8 22. Nxb8 Kh7 23. Na6 Rc8 24. Nb4 f5 25. O-O Rf8 26. f3 Nd6 27. Nxd5
exd5 28. Bxd5 f4 29. e4 h5 30. Bb4 Nb5 31. Bxf8 Nxd4 32. Rac1 Ne2+ 33. Kf2 Nxc1
34. Rxc1 h4 35. Rc7 h3 36. Rxg7+ Kh6 37. gxh3 Bxe4 38. Bxe4 Kh5 39. Rh7+ Kg5 40.
Be7# {Black checkmated} 1-0

[Event "Team 45 45 League T64"]
[Site "Internet Chess Club"]
[Date "2015.03.12"]
[Round "2"]
[White "Skeptic1972"]
[Black "room-matt"]
[Result "0-1"]
[WhiteElo "1523"]
[BlackElo "1921"]
[Opening "Scotch gambit: Dubois-Réti defense"]
[ECO "C55"]
[Time "15:36:32"]
[TimeControl "2700+45"]

1. e4 e5 2. Nf3 Nc6 3. d4 exd4 4. Bc4 Nf6 5. e5 d5 6. exf6 dxc4 7. fxg7 Bxg7 8.
O-O O-O 9. Bg5 Qd5 10. Nbd2 Bg4 11. Rb1 Rfe8 12. a3 Ne5 13. Bf4 Rad8 14. Re1
Nxf3+ 15. Nxf3 Rxe1+ 16. Qxe1 Bxf3 17. gxf3 Qxf3 18. Bxc7 Rc8 19. Be5 Re8 {White
resigns} 0-1

[Event "Team 45 45 League T64"]
[Site "Internet Chess Club"]
[Date "2015.03.14"]
[Round "2"]
[White "Ajolote"]
[Black "rayngrant"]
[Result "1-0"]
[WhiteElo "1712"]
[BlackElo "1553"]
[Opening "Ruy Lopez: Anderssen variation"]
[ECO "C77"]
[Time "19:02:36"]
[TimeControl "2700+45"]

1. e4 e5 2. Nf3 Nc6 3. Bb5 a6 4. Ba4 Nf6 5. d3 b5 6. Bb3 Be7 7. Be3 d6 8. Nc3
Na5 9. h3 Nxb3 10. axb3 Bb7 11. O-O O-O 12. Qd2 c5 13. Ne2 Qc7 14. Qa5 Qd7 15.
Ng3 Bd8 16. Qd2 Re8 17. Rfe1 Bb6 18. b4 Qc6 19. bxc5 dxc5 20. Nf5 Bc8 21. N3h4
Rd8 22. Qc1 Re8 23. Bg5 c4 24. dxc4 Nxe4 25. Be3 Bxe3 26. Qxe3 Bb7 27. f3 Nd6
28. cxb5 axb5 29. Rxa8 Bxa8 30. Rd1 Nxf5 31. Nxf5 Qxc2 32. Rd3 Qxb2 33. Qg5 g6
34. Rd8 Bc6 35. Ne7+ Kg7 36. Nxc6 Rxd8 37. Nxd8 f6 38. Qe3 Qa1+ 39. Kh2 Qa4 40.
Nc6 Qc4 41. Qa7+ Kh6 42. Qe3+ g5 43. Qe4 Qxe4 44. fxe4 Kg6 45. Kg3 h5 46. Kf3
Kf7 47. Ke3 Ke6 48. g4 h4 49. Kd3 Kd6 50. Nb4 Ke7 51. Nd5+ Kf7 52. Kc3 Kg6 53.
Ne3 Kf7 54. Kb4 Ke7 55. Kxb5 Kd6 56. Kb6 Kd7 57. Kc5 Kc7 58. Nd5+ {Black
resigns} 1-0

[Event "Team 45 45 League T64"]
[Site "Internet Chess Club"]
[Date "2015.03.13"]
[Round "2"]
[White "frank001"]
[Black "otherook"]
[Result "1/2-1/2"]
[WhiteElo "1764"]
[BlackElo "1755"]
[Opening "French: Fort Knox variation"]
[ECO "C03"]
[Time "14:00:35"]
[TimeControl "2700+45"]

1. e4 e6 2. d4 d5 3. Nd2 dxe4 4. Nxe4 Bd7 5. Nf3 Bc6 6. Bd3 Nd7 7. O-O Ngf6 8.
Neg5 h6 9. Nxe6 fxe6 10. Bg6+ Ke7 11. c4 Bxf3 12. Qxf3 c6 13. b3 Qb6 14. d5 Ne5
15. Qg3 Nxg6 16. Qxg6 cxd5 17. cxd5 Nxd5 18. Re1 Kd7 19. Bb2 Be7 20. Rad1 Qc6
21. Rc1 Qb6 22. Rc4 Raf8 23. Bd4 Qd6 24. g3 Bf6 25. Bc5 Qa6 26. Bxf8 Rxf8 27.
Qe4 Qb6 28. Rd1 Be7 29. Rc2 Bc5 30. Rdd2 Qd6 31. Qa4+ Ke7 32. Qg4 Rf7 33. Qh4+
Kd7 34. Qc4 Bb4 35. Qc8+ Ke7 36. Rd4 Qb6 37. Rdc4 Be1 38. Rc5 Bb4 39. R5c4 Be1
40. Rc5 Bb4 41. R5c4 {Game drawn by repetition} 1/2-1/2

[Event "Team 45 45 League T64"]
[Site "Internet Chess Club"]
[Date "2015.03.15"]
[Round "2"]
[White "Jyzzslynggur"]
[Black "kabindra"]
[Result "0-1"]
[WhiteElo "1730"]
[BlackElo "1830"]
[Opening "King's Indian: fianchetto, Larsen system"]
[ECO "E62"]
[Time "14:00:35"]
[TimeControl "2700+45"]

1. d4 Nf6 2. Nf3 g6 3. c4 Bg7 4. g3 O-O 5. Bg2 d6 6. Nc3 c6 7. O-O Bf5 8. Re1 d5
9. cxd5 cxd5 10. Ne5 Be6 11. Qb3 Nc6 12. Qxb7 Nxd4 13. Rd1 Ne4 14. Nxd5 Bxd5 15.
Qb4 Bxe5 16. Rxd4 Bxd4 17. Qxd4 Nf6 18. Bf1 Be4 19. Qe5 Qd6 20. Qxd6 exd6 21.
Bf4 d5 22. Be5 Nd7 23. Bc3 Rfe8 24. f3 Bf5 25. Kf2 Nb6 26. e3 Nc4 27. g4 Bd7 28.
Bxc4 dxc4 29. Rd1 Be6 30. Rd6 Red8 31. Ra6 h5 32. gxh5 gxh5 33. e4 Rd7 34. f4
Bg4 35. Rh6 f6 36. Rg6+ Kh7 37. Rxf6 Re8 38. e5 Re6 39. Rf8 Kg6 40. h4 Rf7 41.
Rg8+ Kf5 42. Ke3 Rg6 43. Rc8 Bh3 44. Rxc4 Rg3+ 45. Kf2 Rg4 46. Ke3 Bf1 47. Re4
Rxh4 48. Ra4 Bb5 49. Rb4 Bc6 50. a4 Rh3+ 51. Kd4 Rf3 52. Kc5 Be4 53. Rb8 Rxf4
54. Kd6 Rf1 55. Rh8 Rd1+ 56. Kc5 Rc7+ 57. Kb5 Bd3+ 58. Kb4 Be2 59. Rg8 h4 60.
Rh8 Rc4+ 61. Kb3 Re4 62. Kc2 Rh1 63. Rf8+ Ke6 64. Rf6+ Ke7 65. Rh6 h3 66. Rh7+
Ke6 67. Rxa7 h2 68. Rh7 Bd1+ 69. Kd3 Rg4 70. a5 Rg2 71. Kc4 Rf1 72. Rh6+ Ke7 73.
Rh7+ Kf8 74. Rxh2 Rxh2 75. Kd5 Ke8 76. Kc5 Rh4 77. a6 Ra4 78. a7 Rxa7 79. Bd4
Ra5+ 80. Kd6 Bb3 81. Bc3 Ra6+ 82. Kc5 Rf4 83. Bd4 Ra5+ 84. Kb6 Rxd4 85. Kxa5 Ke7
{White resigns} 0-1

[Event "Team 45 45 League T64"]
[Site "Internet Chess Club"]
[Date "2015.03.15"]
[Round "2"]
[White "isolani"]
[Black "OzymandiasVII"]
[Result "1/2-1/2"]
[WhiteElo "1566"]
[BlackElo "1671"]
[Opening "QGD semi-Slav: 5.e3"]
[ECO "D45"]
[Time "11:01:22"]
[TimeControl "2700+45"]

1. d4 d5 2. Nf3 Nf6 3. c4 e6 4. Nc3 c6 5. e3 Be7 6. Bd3 O-O 7. O-O Nbd7 8. b3
Bb4 9. Bb2 Bxc3 10. Bxc3 Ne4 11. Bb2 f5 12. Ne5 Ndf6 13. f3 Nd6 14. Qe2 Qe8 15.
Rae1 a5 16. Ba3 Qd8 17. Qc2 Re8 18. Rf2 Re7 19. Rfe2 Rc7 20. Bxd6 Qxd6 21. c5
Qd8 {Game drawn by mutual agreement} 1/2-1/2

[Event "Team 45 45 League T64"]
[Site "Internet Chess Club"]
[Date "2015.03.14"]
[Round "2"]
[White "kingphisch"]
[Black "smsxman"]
[Result "1-0"]
[WhiteElo "1514"]
[BlackElo "1354"]
[Opening "Scotch gambit: Benima defense"]
[ECO "C44"]
[Time "14:07:10"]
[TimeControl "2700+45"]

1. e4 e5 2. Nf3 Nc6 3. d4 exd4 4. Bc4 Be7 5. c3 Nf6 6. O-O Nxe4 7. Re1 d5 8. Bb5
O-O 9. Bxc6 bxc6 10. cxd4 c5 11. Be3 cxd4 12. Nxd4 Bb7 13. Nc3 c5 14. Nf5 Nxc3
15. Nxe7+ Qxe7 16. bxc3 Rfd8 17. Qg4 Qd6 18. Bf4 Qc6 19. Be5 f6 20. Bf4 Bc8 21.
Qg3 f5 22. Re7 Qg6 23. Rae1 Rd7 24. Re8+ Kf7 25. Qe3 Qf6 26. Rf8+ Kg6 27. Qg3+
Kh5 28. Rxf6 gxf6 29. Qh3+ Kg6 30. Qh6+ Kf7 31. Qxh7+ Kf8 32. Bh6+ {Black
resigns} 1-0